 Dungeon Crawl Stone Soup version 0.28-a0-631-g0446da8ef9 (webtiles) character file.

Game seed: 6580108479781759278

68334 jasper the Brawler (level 14, -7/115 HPs)
             Began as a Demonspawn Wanderer on Oct 9, 2021.
             Was the Champion of Cheibriados.
             Mangled by an orc warlord (10 damage)
             ... on level 2 of the Orcish Mines on Oct 10, 2021.
             The game lasted 00:36:48 (25765 turns).

jasper the Brawler (Demonspawn Wanderer)           Turns: 25765, Time: 00:36:49

Health: -7/115     AC: 14    Str: 28    XL:     14   Next: 86%
Magic:  22/22      EV: 26    Int: 42    God:    Cheibriados [******]
Gold:   1583       SH: 13    Dex: 25    Spells: 0/13 levels left

rFire   . . .      SeeInvis +     - Unarmed
rCold   + + +      Faith    .   d - +2 buckler
rNeg    . . .      Spirit   .   l - +4 skin of Zhor {*Englaciate rC+++ SInv}
rPois   .          Reflect  +   G - +0 helmet
rElec   .          Harm     .   q - +1 cloak
rCorr   .          Rampage  .   (no gloves)
Will    +....                   z - +2 pair of boots
Stlth   +++.......              i - amulet of reflection
HPRegen 0.29/turn               Z - +4 ring of evasion
MPRegen 0.18/turn               m - +6 ring of intelligence

@: unable to read, very slow
A: claws 2, molten scales 1, demonic guardian 2, spiny 2, inability to read
while threatened
a: Renounce Religion, Bend Time, Temporal Distortion, Slouch, Step From Time


You were on level 2 of the Orcish Mines.
You worshipped Cheibriados.
Cheibriados was exalted by your worship.
You visited 4 branches of the dungeon, and saw 21 of its levels.
You also visited: Ice Cave.

You collected 1807 gold pieces.
You spent 224 gold pieces at shops.

Inventory:

Missiles
 h - 404 stones (quivered)
 j - 5 throwing nets
 r - 38 poisoned darts
 D - 11 javelins
Armour
 d - a +2 buckler (worn)
 l - the +4 skin of Zhor (worn) {*Englaciate rC+++ SInv}
   (You found it in an ice cave)

   It radiates cold, occasionally slowing all nearby creatures who are not
   resistant to cold.
   rC:        It renders you almost immune to cold.
   SInv:      It lets you see invisible.
 n - a +3 scale mail of willpower
 q - a +1 cloak (worn)
 z - a +2 pair of boots (worn)
 B - +0 steam dragon scales
 G - a +0 helmet (worn)
 W - the +2 plate armour of Activism {Contam rElec rF++ rCorr}
   (You found it in an ice cave)

   rF:        It greatly protects you from fire.
   rElec:     It insulates you from electricity.
   Contam:    It causes magical contamination when unequipped.
   rCorr:     It protects you from acid and corrosion.
Jewellery
 i - an amulet of reflection (around neck)
 m - a +6 ring of intelligence (right claw)
 s - a ring of positive energy
 y - a ring of protection from cold
 E - a ring of fire
 U - a ring of willpower
 Z - a +4 ring of evasion (left claw)
Wands
 C - a wand of paralysis (19)
 F - a wand of polymorph (15)
 J - a wand of flame (49)
 L - a wand of mindburst (21)
 M - a wand of iceblast (12)
 P - a wand of digging (12)
Scrolls
 a - a scroll of magic mapping
 e - 2 scrolls of blinking
 g - 9 scrolls of teleportation
 o - 3 scrolls of enchant armour
 x - a scroll of amnesia
 A - 5 scrolls of enchant weapon
 H - a scroll of fear
 N - a scroll of holy word
 O - 3 scrolls of immolation
 R - 3 scrolls of identify
 T - a scroll of fog
 V - a scroll of brand weapon
Potions
 b - 2 potions of haste
 c - a potion of ambrosia
 f - a potion of berserk rage
 k - a potion of cancellation
 p - a potion of might
 t - 4 potions of mutation
 u - 5 potions of curing
 v - a potion of heal wounds
 w - 5 potions of magic
 I - a potion of attraction
 K - 2 potions of resistance
 Q - 2 potions of flight
 S - 3 potions of lignification
Miscellaneous
 X - a phantom mirror
 Y - a condenser vane (inert)


   Skills:
 + Level 12.1 Fighting
 - Level 1.0 Long Blades
 + Level 10.9 Dodging
 - Level 2.6 Stealth
 - Level 4.0 Shields
 * Level 15.2 Unarmed Combat
 - Level 2.6 Conjurations
 + Level 7.4 Hexes
 - Level 2.0 Translocations
 - Level 2.3 Air Magic
 - Level 3.2 Poison Magic
 + Level 10.9 Invocations


You couldn't memorise any spells.
You knew the following spells:

 Your Spells              Type           Power      Damage    Failure   Level
a - Mephitic Cloud        Conj/Pois/Air  22%        N/A       4%          3
b - Apportation           Tloc           34%        N/A       1%          1
c - Invisibility          Hex            29%        N/A       30%         6
d - Confusing Touch       Hex            58%        N/A       1%          3

Your spell library contained the following spells:

 Spells                   Type           Power      Damage    Failure   Level
 Cause Fear               Hex            29%        N/A       1%          4
 Pain                     Necr           0%         1d4       4%          1
 Gell's Gravitas          Tloc           8%         N/A       5%          3
 Lesser Beckoning         Tloc           17%        N/A       5%          3
 Teleport Other           Tloc           17%        N/A       5%          3
 Conjure Flame            Conj/Fire      11%        6-21      8%          3
 Ignite Poison            Fire/Tmut/Pois 9%         N/A       9%          3
 Ozocubu's Armour         Ice            0%         N/A       13%         3
 Hailstorm                Conj/Ice       11%        3d5       26%         4
 Sticky Flame             Conj/Fire      11%        2d3       26%         4
 Alistair's Intoxication  Tmut/Pois      8%         N/A       52%         5
 Freezing Cloud           Conj/Ice/Air   6%         6-21      52%         5
 Agony                    Necr           0%         N/A       75%         5
 Excruciating Wounds      Necr           0%         N/A       75%         5
 Dispersal                Tloc           8%         N/A       96%         6
 Simulacrum               Ice/Necr       0%         N/A       100%        6
 Dragon Form              Tmut           0%         N/A       100%        7
 Discord                  Hex            29%        N/A       100%        8
 Lehudib's Crystal Spear  Conj/Erth      5%         10d3      100%        8
 Chain Lightning          Conj/Air       10%        3d13      100%        9
 Dragon's Call            Summ           0%         N/A       100%        9
 Fire Storm               Conj/Fire      5%         8d2       100%        9
 Shatter                  Erth           0%         3d5*      100%        9


Dungeon Overview and Level Annotations

Branches:
Dungeon (12/15)            Temple (1/1) D:7            Lair (6/6) D:8
 Shoals (0/4) Lair:2       Spider (0/4) Lair:3        Slime (0/5) Lair:5
    Orc (2/2) D:9           IceCv (visited)
    Elf: Orc:2

Altars:
Ashenzari
Cheibriados
Dithmenos
Elyvilon
Gozag
Hepliaklqana
Kikubaaqudgha
Nemelex Xobeh
Okawaru
Qazlal
Sif Muna
Uskayaw
Vehumet
Wu Jian
Xom
Yredelemnul
Zin
The Shining One
Beogh
Jiyva

Shops:
D:2 ?   D:4 (   Orc:2 (

Annotations:
Orc:2 1 runed translucent door


Innate Abilities, Weirdness & Mutations

You have very sharp fingernails.
You are partially covered in molten scales. (AC +2)
A demonic guardian rushes to your aid.
You are mostly covered in sharp spines.
You sometimes lose the ability to read scrolls when taking damage.


Message History

The orc knight misses you.
You mangle the orc knight!!
The orc knight is severely wounded.
You scratch the orc knight.
The orc knight is severely wounded.
You block the orc knight's attack.
The orc warlord roars a battlecry!
The orc knight goes into a battle-frenzy!
You closely miss the orc knight.
The orc knight is severely wounded.
The orc knight hits you with a +0 long sword of electrocution!!
You take 20 damage, and have 84/115 hp.
You claw the orc knight!
The orc knight is almost dead.
You radiate an aura of cold.
The orc knight seems to slow down.
The orc warlord seems to slow down.
You barely miss the orc knight.
The orc knight is almost dead.
You block the orc knight's attack.
You closely miss the orc knight.
The orc knight is almost dead.
You closely miss the orc knight.
The orc knight is almost dead.
The orc warlord is no longer moving slowly.
The orc warlord hits you with a +2 vorpal great sword!!!
You feel threatened and lose the ability to read scrolls!
* * * LOW HITPOINT WARNING * * *
A demonic guardian appears!
* * * LOW HITPOINT WARNING * * *
You block the orc knight's attack.
You hear a shout! x2
You take 53 damage, and have 32/115 hp.
MASSIVE DAMAGE!!
Okay, then.
You cannot read scrolls in your current state!
Unknown command.
You feel much better.
The orc warlord hits you with a +2 vorpal great sword!!!
Ouch! That really hurt!
* * * LOW HITPOINT WARNING * * *
You die...

.....................#
......<....<.........##
......................#
......................##
........................
........................
.................#....#
....#....#...........##.
#.............3o@.......
...........o........
..........#########.
..........#


oo... .........#. ###$.# ....#....+. ..#. .... .#. #. You could see an orc
warlord (strong), an orc knight (strong, slow, ally target), 2 orc warriors and
a friendly sun demon (summoned).

Vanquished Creatures
  Kirke (D:11)
  A frost giant (IceCv)
  Josephine (D:9)
  6 boulder beetles
  8 hydras
  Harold (D:7)
  The ghost of demibob the Spear-Bearer, a journeyman DsAK of Lugonu (Lair:3)
  16 death yaks
  2 orc high priests (Orc:2)
  Urug (Lair:2)
  The ghost of Midn8 the Slicer, a journeyman VSVM of Cheibriados (Lair:3)
  Nergalle (D:10)
  A swamp dragon (Lair:4)
  3 orc knights
  2 lindwurms
  2 orc sorcerers (Orc:1)
  A wolf spider (Lair:4)
  A black mamba (Lair:2)
  Joseph (D:8)
  An ice statue (IceCv)
  4 elephants
  A gargoyle (D:11)
  3 torpor snails
  A merfolk siren (Lair:2)
  Maggie (D:6)
  Psyche (D:8)
  4 rime drakes
  10 cane toads
  A demonic crawler (Lair:5)
  5 komodo dragons
  3 jumping spiders (Lair:4)
  A hornet (D:9)
  5 trolls
  8 polar bears
  2 dream sheep (Lair:5)
  18 blink frogs
  5 wraiths
  3 redbacks (Lair:4)
  A vampire (D:10)
  6 wyverns
  Grum (D:9)
  3 hogs (D:11)
  49 yaks
  2 basilisks
  6 vampire mosquitoes (Lair:4)
  3 wargs (Orc:2)
  3 swamp worms (Lair:5)
  2 acid dragons
  13 water moccasins
  A swamp drake (Lair:4)
  9 orc warriors
  3 black bears
  5 ogres
  2 ice beasts
  8 centaurs
  34 wolves
  2 phantoms (D:4)
  15 bullfrogs
  10 scorpions
  15 killer bees
  3 electric eels (Lair:4)
  A howler monkey (D:10)
  3 centaur zombies
  4 lava snakes (Lair:4)
  2 hounds
  A jelly (D:8)
  12 orc priests
  Crazy Yiuf (D:6)
  2 bullfrog skeletons
  Natasha (thrice) (D:4)
  2 iguanas
  13 orc wizards
  2 killer bee zombies
  Robin (D:2)
  A howler monkey zombie (D:10)
  7 adders
  2 white imps
  2 adder skeletons (D:4)
  4 worms
  2 dart slugs
  66 orcs
  4 ball pythons
  6 endoplasms
  2 giant cockroaches
  14 goblins
  13 hobgoblins
  4 jackals (D:1)
  6 kobolds
  4 quokkas
  5 bats
  3 frilled lizards (D:2)
  8 rats
524 creatures vanquished.

Vanquished Creatures (collateral kills)
  A troll (Orc:2)
  An orc warrior (Orc:2)
  An ogre (D:6)
  A wolf (IceCv)
  An orc priest (D:9)
  A white imp (D:6)
  5 orcs
11 creatures vanquished.

Vanquished Creatures (others)
  A vampire (D:9)
  53 fungi
  51 plants
105 creatures vanquished.

Grand Total: 640 creatures vanquished

Notes
Turn   | Place    | Note
-------+----------+-------------------------------------------
     0 | D:1      | jasper the Demonspawn Wanderer began the quest for the Orb.
     0 | D:1      | jasper set off with the following items: a +0 club, a
                  | potion of haste, 2 potions of lignification, a +0 robe, a
                  | scroll of blinking, a +0 dagger
     0 | D:1      | Reached XP level 1. HP: 18/18 MP: 1/1
    62 | D:1      | Reached skill level 2 in Unarmed Combat
   201 | D:1      | Gained mutation: You have sharp fingernails. [demonic
                  | ancestry]
   201 | D:1      | Reached XP level 2. HP: 20/24 MP: 2/2
   519 | D:1      | HP: 1/24 [jackal (1)]
  1251 | D:2      | Reached XP level 3. HP: 22/29 MP: 3/3
  1614 | D:2      | Noticed Robin
  2842 | D:4      | Reached skill level 3 in Unarmed Combat
  3114 | D:4      | Gained mutation: A weak demonic guardian rushes to your
                  | aid. [demonic ancestry]
  3114 | D:4      | Reached XP level 4. HP: 32/35 MP: 4/4
  3403 | D:4      | Found an ancient bone altar of Kikubaaqudgha.
  3403 | D:4      | Found a broken altar of Ashenzari.
  3404 | D:4      | Found an opulent altar of Gozag.
  3440 | D:4      | Got the Handbook of the Frostbite
  3586 | D:4      | Noticed Natasha
  3600 | D:4      | Killed Natasha
  3868 | D:4      | Noticed a phantom
  3882 | D:4      | Killed a phantom
  3883 | D:4      | Reached XP level 5. HP: 42/42 MP: 5/5
  3892 | D:4      | Reached skill level 4 in Unarmed Combat
  4036 | D:4      | Found Feempap's Weapon Shop.
  4208 | D:4      | Noticed a phantom
  4229 | D:4      | Gained mutation: You are partially covered in sharp spines.
                  | [demonic ancestry]
  4229 | D:4      | Reached XP level 6. HP: 36/48 MP: 6/6
  4385 | D:4      | Reached skill level 5 in Unarmed Combat
  4392 | D:4      | Gained mutation: A demonic guardian rushes to your aid.
                  | [demonic ancestry]
  4392 | D:4      | Reached XP level 7. HP: 40/55 MP: 7/7
  4504 | D:4      | Got Sif Muna's Grimoire of Dusty Beguiling
  4650 | D:4      | Noticed Natasha
  4654 | D:4      | Killed Natasha
  4763 | D:5      | Entered Level 5 of the Dungeon
  4989 | D:5      | Reached skill level 5 in Fighting
  5466 | D:5      | Reached skill level 6 in Unarmed Combat
  5818 | D:6      | Gained mutation: You are partially covered in molten
                  | scales. (AC +2) [demonic ancestry]
  5818 | D:6      | Reached XP level 8. HP: 22/63 MP: 8/8
  6496 | D:6      | Noticed Maggie
  6520 | D:6      | Killed Maggie
  6521 | D:6      | Reached skill level 7 in Unarmed Combat
  6796 | D:6      | Found a runed translucent door.
  6797 | D:6      | Noticed Crazy Yiuf
  6803 | D:6      | Killed Crazy Yiuf
  6804 | D:6      | Reached skill level 5 in Dodging
  7012 | D:7      | Learned a level 3 spell: Mephitic Cloud
  7227 | D:7      | Found a radiant altar of Vehumet.
  7341 | D:7      | Reached XP level 9. HP: 71/71 MP: 9/9
  7358 | D:7      | Reached skill level 8 in Unarmed Combat
  7736 | D:7      | Found a staircase to the Ecumenical Temple.
  7743 | Temple   | Entered the Ecumenical Temple
  7763 | Temple   | Became a worshipper of Cheibriados the Contemplative
  7803 | D:7      | Noticed Harold
  7823 | D:7      | Killed Harold
  8319 | D:8      | Noticed an elephant
  8319 | D:8      | Found a staircase to the Lair.
  8440 | D:8      | Reached skill level 9 in Unarmed Combat
  8463 | D:8      | Reached * piety under Cheibriados
  8700 | D:8      | Killed an elephant
  8701 | D:8      | Gained mutation: You have very sharp fingernails. [demonic
                  | ancestry]
  8701 | D:8      | Reached XP level 10. HP: 57/80 MP: 10/10
  8962 | D:8      | Found a shimmering blue altar of Sif Muna.
  9096 | D:8      | Noticed Psyche
  9102 | D:8      | Killed Psyche
  9264 | D:8      | Noticed Joseph
  9276 | D:8      | Killed Joseph
  9277 | D:8      | Reached skill level 10 in Unarmed Combat
  9509 | D:8      | Found a hazy altar of Hepliaklqana.
  9636 | D:8      | Found a stormy altar of Qazlal.
  9636 | D:8      | Found a shadowy altar of Dithmenos.
  9978 | D:2      | Reached ** piety under Cheibriados
  9983 | D:2      | Killed Robin
 10056 | D:2      | Found Ryingad's Magic Scroll Shoppe.
 10066 | D:2      | Bought a scroll of teleportation for 42 gold pieces
 10066 | D:2      | Bought a scroll of fear for 49 gold pieces
 10066 | D:2      | Bought a scroll of magic mapping for 49 gold pieces
 10066 | D:2      | Bought 3 scrolls of identify for 84 gold pieces
 10156 | D:2      | Found a faded altar of an unknown god.
 10358 | D:2      | Found a shimmering blue altar of Sif Muna.
 10529 | D:4      | Noticed Natasha
 10532 | D:4      | Killed Natasha
 10715 | D:9      | Reached *** piety under Cheibriados
 10793 | D:9      | Found a staircase to the Orcish Mines.
 11004 | D:9      | Reached **** piety under Cheibriados
 11035 | D:9      | Noticed Grum
 11044 | D:9      | Killed Grum
 12224 | D:10     | Entered Level 10 of the Dungeon
 12241 | D:10     | Reached skill level 11 in Unarmed Combat
 12295 | D:10     | Noticed Josephine
 12307 | D:9      | Killed Josephine
 12308 | D:9      | Gained mutation: You are mostly covered in sharp spines.
                  | [demonic ancestry]
 12308 | D:9      | Reached XP level 11. HP: 89/89 MP: 11/11
 12362 | D:9      | Reached ***** piety under Cheibriados
 12490 | D:10     | Noticed Nergalle
 12501 | D:10     | Killed Nergalle
 12735 | D:10     | Noticed a boulder beetle
 12738 | D:10     | Learned a level 1 spell: Apportation
 12775 | D:10     | Killed a boulder beetle
 13414 | D:10     | Learned a level 6 spell: Invisibility
 13702 | D:11     | Noticed a boulder beetle
 13716 | D:11     | Killed a boulder beetle
 13820 | D:11     | Reached skill level 12 in Unarmed Combat
 13820 | D:11     | Reached skill level 1 in Conjurations
 13820 | D:11     | Reached skill level 1 in Hexes
 13820 | D:11     | Reached skill level 1 in Poison Magic
 13822 | D:11     | Reached skill level 1 in Air Magic
 13827 | D:11     | Reached skill level 1 in Translocations
 14598 | D:12     | Noticed Kirke
 14616 | D:11     | Noticed a sphinx
 14617 | D:11     | Killed Kirke
 14974 | Lair:1   | Entered Level 1 of the Lair of Beasts
 15015 | Lair:1   | Identified the +0 cloak of the Tired Spreadsheets {-Tele
                  | rPois rF++ Str+3}
 15026 | Lair:1   | Reached XP level 12. HP: 90/97 MP: 12/12
 15084 | Lair:1   | Reached skill level 10 in Fighting
 15431 | Lair:1   | Noticed a six-headed hydra
 15438 | Lair:1   | Killed a six-headed hydra
 15773 | Lair:2   | Noticed Urug
 15785 | Lair:2   | Killed Urug
 16275 | Lair:2   | Noticed a death yak
 16289 | Lair:2   | Killed a death yak
 16528 | Lair:2   | Reached skill level 13 in Unarmed Combat
 16619 | Lair:2   | Noticed a six-headed hydra
 16626 | Lair:2   | Killed a six-headed hydra
 17183 | Lair:2   | Reached ****** piety under Cheibriados
 17381 | Lair:2   | Found a staircase to the Shoals.
 17793 | Lair:3   | Found a hole to the Spider Nest.
 18215 | Lair:3   | Noticed an eight-headed hydra
 18221 | Lair:3   | Killed an eight-headed hydra
 18322 | Lair:3   | Noticed a boulder beetle
 18337 | Lair:3   | Killed a boulder beetle
 18525 | Lair:3   | Noticed a six-headed hydra
 18536 | Lair:3   | Killed a six-headed hydra
 18537 | Lair:3   | Reached skill level 5 in Hexes
 18544 | Lair:3   | Reached XP level 13. HP: 92/105 MP: 13/13
 18966 | Lair:3   | Found a runed translucent gate.
 18966 | Lair:3   | Found a runed translucent gate.
 18966 | Lair:3   | Found a runed translucent gate.
 18971 | Lair:3   | Noticed demibob's ghost (journeyman DsAK)
 18971 | Lair:3   | Noticed Midn8's ghost (journeyman VSVM)
 19140 | Lair:3   | Killed demibob's ghost
 19142 | Lair:3   | Killed Midn8's ghost
 19459 | Lair:4   | Found a runed translucent door.
 19493 | Lair:4   | Reached skill level 1 in Shields
 19508 | Lair:4   | Found a runed translucent gate.
 19508 | Lair:4   | Found a runed translucent gate.
 19511 | Lair:4   | Found a runed translucent gate.
 19511 | Lair:4   | Found a runed translucent gate.
 19511 | Lair:4   | Found a runed translucent gate.
 19511 | Lair:4   | Found a runed translucent gate.
 19575 | Lair:4   | Reached skill level 10 in Dodging
 19597 | Lair:4   | Found a frozen archway.
 19606 | Lair:4   | Reached skill level 14 in Unarmed Combat
 19661 | IceCv    | Entered an ice cave
 19898 | IceCv    | Reached skill level 1 in Invocations
 20074 | IceCv    | Found the +4 skin of Zhor {*Englaciate rC+++ SInv}
 20505 | IceCv    | Reached skill level 5 in Invocations
 20792 | IceCv    | Noticed a frost giant
 20827 | IceCv    | Killed a frost giant
 21166 | IceCv    | Identified the +2 plate armour of Activism {Contam rElec
                  | rF++ rCorr}
 21173 | IceCv    | Identified the +1 robe of the Ant {Regen+}
 21777 | Lair:4   | Reached skill level 10 in Invocations
 21909 | Lair:4   | Reached XP level 14. HP: 113/113 MP: 21/21
 22643 | Lair:4   | Gained mutation: You sometimes lose the ability to read
                  | scrolls when taking damage. [mutagenic glow]
 23109 | Lair:5   | Identified the +0 plate armour of Pyxtuvar {rN+ Regen+
                  | Slay+3}
 23172 | Lair:5   | Found a viscous altar of Jiyva.
 23173 | Lair:5   | Found a staircase to the Slime Pits.
 23871 | Lair:6   | Entered Level 6 of the Lair of Beasts
 24273 | Lair:6   | Learned a level 3 spell: Confusing Touch
 24884 | Orc:1    | Entered Level 1 of the Orcish Mines
 24900 | Orc:1    | Reached skill level 15 in Unarmed Combat
 25308 | Orc:2    | Entered Level 2 of the Orcish Mines
 25527 | Orc:2    | Found Agaedeqo's Antique Weapon Emporium.
 25745 | Orc:2    | Found a runed translucent gate.
 25754 | Orc:2    | Noticed an orc warlord
 25765 | Orc:2    | HP: 3/115 [orc warlord (60)]
 25765 | Orc:2    | Mangled by an orc warlord

Illustrated notes

Levels and vault maps discovered:
D:1:      minmay_arrival_jagged, layout_rooms
D:2:      cheibrodos_old_hovel, layout_basic, basic_altar,
          shapermc_ecumenical_altar_ellora, serial_shops, shop_statue,
          uniq_robin
D:3:      layout_basic
D:4:      cheibrodos_barr_body, layout_basic, good_gods_mini_temple,
          gammafunk_temple_overflow_claw, serial_shops, shop, uniq_natasha
D:5:      layout_loops_ring, kennysheep_nub, minmay_misc_feat_four_crosses
D:6:      layout_loops_cross, hangedman_decor_clover_reticule, uniq_maggie,
          uniq_crazy_yiuf_cottage
D:7:      layout_basic, marbit_many_paths, temple_doors_e,
          hangedman_decor_riveting, uniq_harold
D:8:      layout_basic, nicolae_hepliaklqana_hippocampus,
          amethyst_overflow_temple_binary, old_standard_altar,
          david_lair_generic, uniq_psyche, uniq_joseph
D:9:      layout_gridville, hiddenorc2_lemuel, bh_walls_and_bars, uniq_grum
D:10:     layout_loops_cross, uniq_josephine, uniq_nergalle
D:11:     layout_loops_ring
D:12:     layout_stronghold, uniq_kirke
Temple:   chequers_temple_sunken
Lair:1:   layout_roguey, infiniplex_staircase_pool_2
Lair:2:   layout_cave_pods, minmay_shoals_entry_lonely_mermaid,
          serial_bayou_shore_a, uniq_urug
Lair:3:   layout_regular_city, nicolae_spider_entry_non_spiders,
          gammafunk_ghost_cemetery
Lair:4:   gammafunk_indiana_jones, layout_gridlike, portal_ice_cave_rime, pond
Lair:5:   layout_cave_pods, slime_altar_1, worms_lemuel, grunt_megastairs_3
Lair:6:   cheibrodos_lair_end_hotspot, layout_regular_city, st_stairs_4
Orc:1:    layout_caves, basic_altar
Orc:2:    grunt_orc_gardens, layout_caves, grunt_orc_garden, grunt_orc_garden,
          grunt_orc_garden, grunt_orc_garden, gammafunk_ghost_split

Skill      XL: |  1  2  3  4  5  6  7  8  9 10 11 12 13 14 |
---------------+-------------------------------------------+-----
Unarmed Combat | 2 3 4 5 6 7 9 11 12 13 14 15 | 15.2
Dodging        | 2 3 4 5 6 7 8 9 10 | 10.9
Fighting       | 4 5 6 7 9 10 11 12 | 12.1
Conjurations   | 2 |  2.6
Hexes          | 2 5 7 |  7.4
Poison Magic   | 2 3 |  3.2
Air Magic      | 2 |  2.3
Translocations | 2 |  2.0
Shields        | 4 |  4.0
Invocations    | 10 | 10.9
Long Blades    | |  1.0
Stealth        | |  2.6

Action                   |  1- 3 |  4- 6 |  7- 9 | 10-12 | 13-15 || total
-------------------------+-------+-------+-------+-------+-------++-------
Melee: Unarmed           |   165 |   117 |   251 |   493 |   696 ||  1722
       Club              |    12 |       |       |       |       ||    12
       Punch             |     1 |     1 |     6 |    43 |     2 ||    53
Throw: Stone             |    58 |       |    16 |    70 |    31 ||   175
       Boomerang         |       |     9 |    23 |       |       ||    32
       Dart              |       |       |       |     5 |       ||     5
Invok: Slouch            |       |       |       |       |     3 ||     3
Evoke: Wand              |       |       |       |    10 |    16 ||    26
       Condenser vane    |       |       |       |     1 |     1 ||     2
  Use: Scroll            |     2 |       |     8 |     7 |     4 ||    21
       Potion            |     1 |     2 |     4 |     3 |     3 ||    13
 Stab: Invisible         |       |       |     4 |       |       ||     4
       Distracted        |       |       |       |     1 |     5 ||     6
       Sleeping          |       |       |       |       |     4 ||     4
Armor: Robe              |    14 |       |       |       |       ||    14
       Scale mail        |    40 |    35 |   106 |   227 |    56 ||   464
       Leather armour    |     3 |       |       |       |       ||     3
       Skin              |     2 |     5 |       |    17 |       ||    24
       Animal skin       |       |       |       |       |    44 ||    44
       Plate armour      |       |       |       |       |     3 ||     3
Dodge: Dodged            |   111 |    37 |   100 |   390 |   375 ||  1013
Block: Buckler           |       |       |       |       |   371 ||   371
       Reflection        |       |       |       |       |     6 ||     6

Table legend: (Time is in decaauts)
 A = Elapsed time spent in this place.
 B = Non-inter-level travel time spent in this place.
 C = Inter-level travel time spent in this place.
 D = Time resting spent in this place.
 E = Time spent auto-exploring this place.
 F = Levels seen in this place.
 G = Mean time per level.
                   A        B        C        D        E       F      G
               +--------+--------+--------+--------+--------+-----+--------+
         Total |  33343 |  30930 |   2413 |   3320 |  22543 |  22 | 1515.6 |
       Dungeon |  17501 |  16012 |   1489 |   1843 |  11757 |  12 | 1458.4 |
        Temple |     29 |     23 |      6 |      0 |     12 |   1 |   29.0 |
          Lair |  12372 |  11495 |    877 |   1042 |   8594 |   6 | 2062.0 |
  Orcish Mines |   1348 |   1308 |     40 |    117 |    910 |   2 |  674.0 |
      Ice Cave |   2091 |   2091 |      0 |    318 |   1270 |   1 | 2091.0 |
               +--------+--------+--------+--------+--------+-----+--------+

Top non-repeatable levels by time:
  Lair:2: 2730 daAuts
  Lair:4: 2524 daAuts
  Lair:3: 2399 daAuts
     D:9: 2360 daAuts
  Lair:5: 2303 daAuts
     D:8: 2106 daAuts
   IceCv: 2091 daAuts
     D:4: 1976 daAuts
    D:11: 1895 daAuts
  Lair:1: 1633 daAuts
    D:10: 1624 daAuts
     D:7: 1600 daAuts
     D:2: 1320 daAuts
     D:3: 1313 daAuts
     D:6: 1162 daAuts
